Map: [ESL] Berlingrad

Players

Scarlett

  • Race: Zerg Zerg

ByuN - Winner!

  • Race: Terran Terran

Event: IEM Katowice 2022

VOD

Have the link to the VOD?

Description

Time

  • Played on: Feb. 25, 2022, 11:13 a.m.
  • Length: 6:01

All games in this series

Show
View Real Time Build Order
Export as new Build Order

Scarlett Zerg 

Build Orders: Hatch First 

Get SALT Encoding   

  12  0:00  Drone  
  13  0:12  Overlord  
  13  0:17  Drone  
  14  0:30  Drone  
  14  0:31  Drone  
  16  0:47  Hatchery  
  15  0:51  Drone  
  15  0:54  Drone  
  17  0:57  Drone  
  18  1:08  Extractor  
  17  1:12  Spawning Pool  
  17  1:15  Drone  
  17  1:18  Drone  
  18  1:28  Drone  
  19  1:38  Drone  
  20  1:49  Drone  
  21  1:59  Queen x2  
  21  2:01  Zergling x4  
  27  2:14  Drone, Overlord  
  28  2:22  Hatchery  
  27  2:26  Drone  
  28  2:35  Drone  
  28  2:36  Drone x2  
  31  2:40  Queen  
  33  2:48  Overlord  
  33  2:52  Drone x2  
  33  2:54  Drone  
  36  3:02  Roach Warren  
  35  3:08  Drone  
  35  3:09  Drone x2  
  37  3:18  Overlord x2  
  37  3:22  Overlord  
  36  3:42  Roach x7  
  36  3:46  Roach  
  36  3:47  Roach  
  54  3:50  Drone  
  54  3:51  Drone  
  56  4:00  Roach  
  60  4:03  Roach x2  
  60  4:09  Drone x2  
  64  4:11  Evolution Chamber  
  64  4:16  Evolution Chamber  
  60  4:22  Drone  
  54  4:24  Drone x5  
  54  4:30  Ravager  
  58  4:31  Drone x2  
  58  4:34  Ravager  
  58  4:35  Overlord  
  58  4:36  Drone  
  63  4:43  Drone x3  
  66  4:47  Drone x2  
  61  5:01  Drone x8  
  66  5:12  Drone x3  
  63  5:17  Queen  
  63  5:18  Spore Crawler  
  54  5:24  Extractor  
  55  5:29  Spore Crawler, Drone  
  55  5:30  Spore Crawler  
  55  5:33  Roach  
  55  5:34  Roach  
  58  5:39  Evolution Chamber  
  58  5:41  Roach  
Show
View Real Time Build Order
Export as new Build Order

ByuN Terran - Winner!

Build Orders: Hellion Banshee 

Get SALT Encoding   

  12  0:00  SCV  
  13  0:12  SCV  
  14  0:17  Supply Depot  
  14  0:24  SCV  
  15  0:38  SCV, Barracks  
  16  0:43  Refinery  
  16  0:50  SCV  
  17  1:03  SCV  
  18  1:15  SCV  
  19  1:25  Barracks Reactor  
  19  1:27  Orbital Command  
  19  1:37  Command Center  
  19  1:48  Supply Depot  
  19  1:52  SCV  
  20  2:01  Marine x2  
  20  2:05  SCV  
  23  2:08  Factory  
  23  2:17  SCV  
  23  2:19  Marine x2  
  26  2:29  SCV  
  27  2:30  Refinery  
  27  2:37  Marine x2  
  27  2:41  SCV  
  30  2:50  Orbital Command  
  30  2:52  Starport  
  30  2:53  SCV  
  31  3:03  Barracks Tech Lab  
  31  3:05  SCV, Hellion x2  
  36  3:14  Supply Depot  
  36  3:16  SCV  
  36  3:17  SCV  
  38  3:26  Hellion x2  
  42  3:28  SCV  
  42  3:31  SCV  
  42  3:41  Barracks Tech Lab  
  42  3:42  Supply Depot  
  42  3:43  SCV  
  42  3:44  Cloaking Field, Banshee  
  42  3:45  SCV  
  45  3:53  Hellion x2  
  49  3:56  SCV  
  49  3:57  SCV  
  51  4:04  Stimpack  
  51  4:05  Supply Depot  
  51  4:09  Marine  
  52  4:10  SCV x2  
  54  4:22  SCV x2  
  52  4:29  Banshee  
  52  4:31  Hellion x2  
  56  4:33  Marauder  
  56  4:34  SCV x2  
  59  4:46  SCV x2  
  60  4:54  Hellion x2, Marauder  
  60  4:58  SCV  
  60  4:59  SCV  
  64  5:11  SCV x2  
  62  5:24  Supply Depot  
  62  5:25  Supply Depot  
  62  5:28  Starport Reactor  
  62  5:30  Command Center  
  62  5:35  Barracks  
  62  5:41  Factory Tech Lab  
  62  5:44  Supply Depot, SCV x2  

Tags
 
Add a new tag
Caveats
  • Supply blocks, unpowered buildings, or Contaminate may cause inaccurate times.
  • Supply counts are checked every 10 seconds.